Map: Acid Plant LE

Players

Scarlett

  • Race: Zerg Zerg
  • Spawn Location: 5:00

Serral - Winner!

  • Race: Zerg Zerg
  • Spawn Location: 11:00

Event: WCS Valencia 2018

VOD

Have the link to the VOD?

Description

Time

  • Played on: July 13, 2018, 4:17 a.m.
  • Length: 15:56

All games in this series

Show
View Real Time Build Order
Export as new Build Order

Scarlett Zerg 

Build Orders: Hatch First, Lurkers 

Get SALT Encoding   

  12  0:00  Drone  
  13  0:12  Overlord  
  13  0:16  Drone  
  14  0:30  Drone x2  
  16  0:47  Hatchery  
  15  0:51  Drone  
  15  0:54  Drone  
  17  0:57  Drone  
  18  1:08  Extractor  
  17  1:13  Spawning Pool  
  17  1:16  Drone  
  17  1:20  Drone  
  18  1:27  Drone  
  19  1:38  Drone  
  20  1:49  Drone  
  21  1:59  Queen x2  
  21  2:00  Overlord, Zergling x2  
  26  2:12  Drone x2  
  28  2:21  Drone x2  
  30  2:31  Drone  
  30  2:35  Queen  
  33  2:38  Overlord  
  33  2:39  Lair  
  34  2:44  Drone x2  
  34  2:50  Evolution Chamber  
  34  2:53  Drone  
  34  2:54  Drone  
  36  3:02  Roach Warren  
  36  3:05  Drone x2  
  37  3:07  Drone x2  
  37  3:08  Drone  
  37  3:10  Drone  
  41  3:18  Zerg Missile Weapons Level 1  
  41  3:19  Overlord  
  41  3:21  Drone  
  41  3:26  Evolution Chamber  
  41  3:28  Extractor  
  41  3:29  Extractor  
  41  3:32  Drone x3  
  42  3:38  Drone x3  
  44  3:41  Glial Reconstitution  
  44  3:44  Drone x2  
  44  3:47  Drone  
  47  3:50  Drone  
  47  3:52  Overlord  
  48  3:59  Extractor  
  48  4:00  Roach  
  48  4:01  Roach  
  51  4:03  Overseer  
  51  4:11  Overlord x2  
  51  4:16  Drone x3  
  54  4:17  Roach  
  54  4:18  Roach  
  58  4:30  Drone  
  58  4:31  Roach x3  
  65  4:40  Hatchery  
  64  4:46  Roach x4  
  64  4:51  Overlord x2  
  74  5:00  Overlord, Roach x2  
  74  5:05  Overlord  
  74  5:06  Overlord  
  76  5:12  Drone x3  
  79  5:17  Zerg Missile Weapons Level 2  
  79  5:23  Drone x4  
  79  5:26  Drone  
  84  5:29  Zerg Ground Armor Level 1  
  84  5:32  Drone  
  84  5:33  Drone  
  86  5:41  Roach  
  86  5:42  Roach x2  
  92  5:49  Ravager x4  
  96  5:52  Roach x3  
  96  5:57  Roach x3  
  108  6:03  Roach  
  108  6:04  Roach  
  112  6:08  Overlord x2  
  112  6:10  Roach x2  
  116  6:19  Roach x3  
  122  6:28  Roach x2  
  122  6:29  Roach x3  
  132  6:38  Overlord  
  132  6:39  Roach x3  
  138  6:40  Overlord x2  
  138  6:46  Overlord  
  138  6:56  Overlord  
  138  6:58  Roach x4  
  138  7:00  Roach x2  
  150  7:04  Roach  
  150  7:05  Roach x5  
  162  7:11  Roach x3  
  162  7:16  Roach x3  
  162  7:21  Roach  
  170  7:29  Roach x2  
  150  7:38  Roach  
  150  7:39  Roach x5  
  154  7:47  Roach x3  
  154  7:48  Roach x3  
  158  7:54  Roach  
  158  7:55  Roach  
  156  8:02  Roach x4  
  156  8:05  Roach x2  
  168  8:10  Overlord  
  168  8:12  Extractor  
  167  8:23  Overlord x2  
  167  8:24  Hatchery, Drone x2  
  168  8:32  Extractor  
  167  8:36  Drone x5  
  167  8:39  Drone  
  167  8:40  Drone x3  
  176  8:41  Drone x2  
  176  8:44  Overlord  
  176  8:47  Roach  
  176  8:48  Roach  
  182  8:53  Roach x2, Tunneling Claws  
  182  8:54  Burrow  
  186  8:59  Zerg Ground Armor Level 2  
  186  9:01  Overseer  
  186  9:05  Roach  
  186  9:06  Roach  
  190  9:13  Roach x2  
  190  9:14  Roach x2  
  198  9:20  Roach  
  200  10:02  Hydralisk Den  
  193  10:08  Roach x4  
  193  10:09  Roach x30  
  193  10:10  Roach x4  
  193  10:11  Roach x9  
  179  10:15  Roach x10  
  199  10:21  Overseer  
  199  10:22  Pneumatized Carapace  
  199  10:24  Ravager  
  199  10:26  Roach x2  
  192  10:37  Roach x6  
  185  10:43  Roach  
  185  10:44  Roach x2  
  185  10:45  Roach x2  
  185  10:46  Roach x5  
  166  10:51  Roach x3  
  166  10:52  Roach x12  
  194  10:57  Overseer, Roach x16  
  194  11:03  Roach x4  
  189  11:08  Roach x36  
  188  11:11  Roach  
  160  11:19  Roach  
  154  11:31  Roach  
  154  11:32  Roach x2  
  150  11:37  Lurker Den, Drone x7  
  130  11:43  Roach x11  
  96  11:51  Hatchery, Roach x2  
  96  11:52  Roach  
  96  11:53  Ravager x7  
  108  11:56  Roach x2  
  112  12:06  Overseer x2  
  112  12:08  Hatchery  
  112  12:11  Roach x5  
  112  12:15  Overseer  
  121  12:21  Hydralisk x2  
  125  12:26  Roach x10  
  126  12:30  Drone x3  
  126  12:33  Hydralisk  
  126  12:35  Extractor  
  129  12:39  Drone x3  
  132  12:46  Roach x3  
  132  12:47  Roach x2  
  132  12:48  Hydralisk  
  132  12:53  Roach  
  132  12:57  Roach x3  
  134  13:01  Roach x4  
  138  13:05  Lurker  
  138  13:06  Lurker  
  138  13:11  Roach x4  
  145  13:13  Lurker  
  140  13:21  Overseer  
  140  13:24  Roach x2  
  139  13:32  Roach x5  
  145  13:41  Drone x5  
  144  13:49  Hydralisk x2  
  148  13:57  Roach x3  
  151  14:07  Roach x25  
  151  14:09  Hydralisk x3, Lurker  
  158  14:15  Extractor x2  
  156  14:21  Roach x4  
  160  14:31  Hydralisk x2  
  160  14:32  Roach x2  
  160  14:35  Lurker  
  160  14:36  Lurker  
  170  14:39  Drone x2  
  170  14:40  Drone  
  170  14:44  Lurker  
  174  14:50  Overseer  
  174  15:01  Overlord x3  
  174  15:24  Drone  
  174  15:26  Roach  
  174  15:27  Roach x4  
  185  15:32  Overlord  
  185  15:34  Hatchery  
Show
View Real Time Build Order
Export as new Build Order

Serral Zerg - Winner!

Build Orders: Hatch First, Lurkers 

Get SALT Encoding   

  12  0:00  Drone  
  13  0:12  Overlord  
  13  0:17  Drone  
  14  0:30  Drone x2  
  16  0:48  Hatchery  
  15  0:51  Drone  
  15  0:55  Drone  
  17  0:58  Drone  
  18  1:05  Extractor  
  17  1:14  Spawning Pool  
  17  1:17  Drone  
  17  1:21  Drone  
  18  1:27  Drone  
  19  1:38  Drone  
  20  1:50  Overlord  
  20  2:00  Drone x2  
  20  2:01  Queen x2  
  24  2:07  Metabolic Boost  
  26  2:11  Drone  
  26  2:13  Drone  
  28  2:22  Zergling x4  
  30  2:34  Hatchery  
  29  2:38  Drone  
  29  2:40  Overlord  
  30  2:48  Zergling x2  
  30  2:49  Drone  
  32  2:53  Overlord  
  32  2:55  Drone  
  33  3:04  Drone  
  34  3:07  Drone  
  34  3:08  Drone x2  
  37  3:15  Drone x4  
  41  3:21  Evolution Chamber  
  41  3:22  Overlord  
  41  3:24  Drone  
  41  3:27  Queen  
  41  3:29  Drone  
  41  3:31  Drone  
  45  3:40  Drone x5  
  50  3:46  Roach Warren  
  49  3:48  Extractor  
  49  3:49  Zerg Missile Weapons Level 1  
  49  3:52  Drone  
  49  3:54  Drone  
  50  3:57  Overlord  
  50  3:58  Drone  
  50  4:01  Drone  
  52  4:03  Drone x2  
  52  4:07  Overlord  
  54  4:10  Overlord  
  54  4:11  Extractor  
  54  4:14  Overlord  
  53  4:17  Drone x2  
  54  4:26  Roach x4  
  62  4:35  Roach x2  
  66  4:39  Overlord, Lair  
  66  4:43  Drone x4  
  66  4:45  Overlord  
  70  4:47  Overlord  
  70  4:50  Roach  
  71  4:53  Roach  
  71  4:56  Drone x2  
  71  4:58  Roach x2  
  79  5:02  Overlord  
  79  5:04  Roach  
  81  5:09  Roach x3  
  87  5:15  Roach x2  
  87  5:20  Roach x3  
  97  5:23  Overlord  
  97  5:28  Drone x5  
  101  5:30  Drone  
  102  5:37  Drone x2  
  102  5:39  Glial Reconstitution  
  104  5:44  Overlord  
  104  5:45  Overseer, Extractor x3, Drone  
  104  5:46  Drone  
  104  5:47  Drone x3  
  106  5:52  Drone x2  
  106  5:55  Drone x4  
  112  5:57  Hydralisk Den  
  112  5:58  Overlord  
  112  6:01  Overlord x2  
  111  6:04  Roach  
  111  6:10  Roach x2  
  117  6:13  Overlord  
  117  6:16  Hatchery  
  116  6:18  Overlord  
  116  6:21  Roach x2  
  116  6:25  Overlord  
  120  6:29  Roach x4  
  128  6:35  Zerg Missile Weapons Level 2  
  128  6:37  Ravager x2  
  128  6:39  Roach x3  
  136  6:46  Roach x4  
  145  6:49  Ravager  
  145  6:50  Spine Crawler  
  145  6:52  Roach x2  
  149  6:55  Overlord  
  149  6:57  Roach x3  
  155  7:03  Roach x4  
  163  7:12  Roach x4  
  171  7:18  Ravager  
  171  7:19  Roach  
  171  7:20  Queen, Roach x2  
  171  7:21  Queen x2  
  186  7:30  Roach x3  
  184  7:39  Roach x2  
  182  7:45  Overlord x3  
  182  7:48  Overlord  
  180  7:52  Roach x3  
  180  7:53  Lurker Den  
  175  8:03  Roach x3  
  181  8:09  Roach  
  183  8:14  Overseer  
  183  8:15  Overseer  
  183  8:19  Hatchery  
  182  8:25  Pneumatized Carapace, Ravager  
  184  8:27  Ravager x3  
  184  8:28  Ravager x2  
  184  8:29  Roach x2  
  192  8:40  Hydralisk x4  
  200  8:47  Muscular Augments  
  200  8:50  Overseer  
  200  8:59  Extractor  
  199  9:20  Spore Crawler  
  199  9:22  Zerg Ground Armor Level 1  
  198  9:26  Spine Crawler  
  198  9:27  Spine Crawler, Lurker x4  
  200  9:32  Overlord  
  200  9:53  Overlord  
  200  10:04  Infestation Pit  
  190  10:14  Hydralisk x5  
  190  10:17  Grooved Spines  
  200  10:22  Overseer  
  200  10:24  Spine Crawler  
  199  10:34  Roach x3  
  200  10:39  Roach  
  200  10:40  Roach  
  200  10:41  Roach x2  
  198  10:47  Roach x5  
  190  10:52  Roach  
  190  10:53  Roach x6  
  199  11:09  Overlord  
  197  11:12  Roach  
  197  11:13  Roach x2  
  188  11:21  Overlord  
  188  11:23  Hatchery  
  170  11:33  Roach x17  
  170  11:37  Roach x7  
  170  11:39  Roach  
  194  11:40  Roach x4  
  194  11:46  Hydralisk x2  
  168  11:48  Hydralisk x3  
  168  11:53  Hydralisk x2  
  177  11:57  Hydralisk  
  179  12:04  Overseer  
  179  12:05  Hydralisk x2  
  179  12:08  Overseer  
  183  12:11  Drone x2  
  183  12:12  Drone x5  
  183  12:13  Drone  
  191  12:16  Lurker x5  
  191  12:18  Roach x2  
  200  12:27  Unknown x5  
  200  12:31  Unknown  
  200  12:40  Overseer  
  200  12:42  Unknown  
  200  12:43  Hive  
  200  12:48  Zerg Ground Armor Level 2  
  198  12:56  Overlord  
  196  13:03  Roach x5  
  187  13:15  Roach x6  
  197  13:26  Burrow, Tunneling Claws  
  195  13:33  Overlord, Unknown  
  195  13:40  Hydralisk x5  
  199  13:45  Drone  
  199  13:46  Extractor  
  199  13:49  Evolution Chamber  
  199  13:55  Overlord  
  194  13:56  Overseer  
  194  13:59  Viper x2  
  198  14:08  Hatchery  
  198  14:09  Viper  
  197  14:12  Spine Crawler  
  197  14:15  Spine Crawler  
  197  14:16  Spine Crawler  
  197  14:17  Drone x3  
  200  14:19  Adaptive Talons  
  200  14:22  Overseer  
  200  14:41  Roach x20  
  200  14:52  Unknown  
  200  15:00  Unknown  
  198  15:22  Drone x2  
  180  15:42  Unknown  
  180  15:43  Unknown  
Tags
 
Add a new tag
Caveats
  • Supply blocks, unpowered buildings, or Contaminate may cause inaccurate times.
  • Supply counts are checked every 10 seconds.